 Dungeon Crawl Stone Soup version 0.31-a0-217-g58bb5d79cf (webtiles) character file.

Game seed: 6754501519034148383

100 qw the Shooter (level 4, -11/36 HPs)
             Began as a Minotaur Hexslinger on July 3, 2023.
             Killed by divine providence
             ... invoked by an orc priest
              (13 damage)
             ... on level 2 of the Dungeon.
             The game lasted 00:00:38 (1887 turns).

qw the Shooter (Minotaur Hexslinger)                Turns: 1887, Time: 00:00:38

Health: -11/36     AC:  7    Str: 13    XL:     4   Next: 47%
Magic:  4/4        EV: 11    Int: 10    God:
Gold:   140        SH:  0    Dex: 14    Spells: 4/5 levels left

rFire   . . .        Y - +2 sling
rCold   . . .        (no shield)
rNeg    . . .        g - +0 ring mail
rPois   .            (helmet restricted)
rElec   .            (no cloak)
rCorr   .            a - +0 pair of gloves
SInv    .            j - +0 pair of boots
Will    .....        (no amulet)
Stlth   +            (no ring)
HPRegen 0.26/turn    (no ring)
MPRegen 0.09/turn

%: no passive effects
@: lethally poisoned (-11 -> -19), about to teleport
A: horns 2, retaliatory headbutt
a: no special abilities


You were on level 2 of the Dungeon.
You visited 1 branch of the dungeon, and saw 3 of its levels.

You collected 140 gold pieces.


Innate Abilities, Weirdness & Mutations

You have a pair of horns on your head.
You reflexively headbutt those who attack you in melee.


   Skills:
 - Level 2.1 Fighting
 - Level 5.0 Ranged Weapons
 + Level 0.0 Armour
 - Level 2.1 Dodging
 - Level 1.0 Spellcasting
 - Level 2.0 Hexes


You had 4 spell levels left.
You knew the following spells:

 Your Spells              Type           Power      Damage    Failure   Level
a - Slow                  Hex            16%        N/A       32%         1

Your spell library contained the following spells:

 Spells                   Type           Power      Damage    Failure   Level
 Inner Flame              Hex/Fire       2%         N/A       83%         3
 Portal Projectile        Hex/Tloc       4%         N/A       83%         3
 Cause Fear               Hex            2%         N/A       97%         4

Inventory:

Hand Weapons
 Y - a +2 sling (weapon)
Armour
 a - a +0 pair of gloves (worn)
 g - a +0 ring mail (worn)
 j - a +0 pair of boots (worn)
Scrolls
 b - a scroll of identify
Potions
 f - a potion of enlightenment {unknown}

Dungeon Overview and Level Annotations

Branches:
Dungeon (3/15)

Altars:


Message History

There is a stone staircase leading down here.
Enter note:
Enter note:
Enter note:
Enter note:
Enter note:
Enter note:
Enter note:
Enter note:
Enter note:
Enter note:
Enter note:
Enter note:
Enter note:
Enter note:
Enter note: You shoot a sling bullet.
The sling bullet hits the orc priest but does no damage.
The orc priest is heavily wounded.
You feel sick. The orc hits you but does no damage.
The orc hits you with a +3 dagger of venom.
You are lethally poisoned!
The orc priest hits you with a +0 dagger.
The orc hits you but does no damage. x2
The orc priest miscasts a cantrip.
You shoot a sling bullet. The sling bullet hits the orc priest.
The orc priest is severely wounded.
You feel very sick. The orc misses you. The orc closely misses you.
The orc priest hits you with a +0 dagger.
1887 ||| READING scroll of teleportation.
As you read the scroll of teleportation, it crumbles to dust.
You feel strangely unstable.
You feel very sick. The orc barely misses you. You furiously retaliate!
You headbutt the orc!
You kill the orc!
The orc closely misses you.
The orc priest invokes the aid of Beogh against you.
Beogh smites you!
You die...

.......# #.#.#
.......# #.#.#
.......# #.#.#
.......# #.#.#
...)...# #.#.#
##.##### #.#.# .#.#
#.#.# .#.#
#.#)####### .#.#
#.#o@o....# .#.#
#.#####.### .#.# #.#
#.# .#.##########.#
#.#
.#..........#.#####.#
.##########.#.......#
.#.............######
.#.########.##.# .#.#
#.##.#


You could see an orc priest and an orc.

Vanquished Creatures
  4 gnolls (D:2)
  An adder (D:2)
  An orc (D:2)
  4 ball pythons
  5 endoplasms (D:2)
  A giant cockroach (D:2)
  4 goblins
  4 hobgoblins (D:1)
  4 jackals (D:2)
  3 kobolds
  5 quokkas (D:2)
  7 bats
  3 frilled lizards (D:2)
  4 rats
50 creatures vanquished.

Notes
Turn   | Place    | Note
-------+----------+-------------------------------------------
     0 | D:1      | qw the Minotaur Hexslinger began the quest for the Orb.
     0 | D:1      | Reached XP level 1. HP: 16/16 MP: 1/1
     0 | D:1      | 0 ||| qw: Version: 0.3-a-40-ge99b1a8
     0 | D:1      | 0 ||| qw: Game counter: 299
     0 | D:1      | 0 ||| qw: Melee chars always use a shield: true
     0 | D:1      | 0 ||| qw: God list: Okawaru
     0 | D:1      | 0 ||| qw: Allow faded altars: false
     0 | D:1      | 0 ||| qw: Do Orc after clearing Dungeon:15 true
     0 | D:1      | 0 ||| qw: Do second Lair branch before Depths: true
     0 | D:1      | 0 ||| qw: Lair rune preference: random
     0 | D:1      | 0 ||| qw: Goals: Normal
     0 | D:1      | 0 ||| PLANNING D:1-11
   252 | D:1      | HP: 4/16 [constriction (1)]
   257 | D:1      | HP: 1/16 [ball python (1)]
   333 | D:1      | Reached skill level 3 in Ranged Weapons
   333 | D:1      | Reached XP level 2. HP: 23/23 MP: 2/2
   480 | D:1      | Found a faded altar of an unknown god.
   692 | D:1      | 692 ||| UPGRADING to +0 leather armour.
   702 | D:1      | 702 ||| DROPPING +0 robe.
   703 | D:1      | 703 ||| UPGRADING to +0 pair of boots.
   708 | D:1      | 708 ||| READING scroll labelled BER FEOTEASENK.
   750 | D:1      | 750 ||| READING scroll labelled ELEDYBL IXUG.
   751 | D:1      | 751 ||| READING scroll labelled OJINUXTAYPT.
   756 | D:1      | 756 ||| READING scroll labelled UNLICAADAO.
   757 | D:1      | 757 ||| DROPPING scroll of poison.
   928 | D:2      | Reached XP level 3. HP: 29/29 MP: 3/3
   973 | D:2      | Reached skill level 4 in Ranged Weapons
  1081 | D:2      | Reached XP level 4. HP: 16/36 MP: 4/4
  1212 | D:2      | Reached skill level 5 in Ranged Weapons
  1356 | D:2      | Identified the +10 hand axe of Famine {flame, rPois Dex+4}
  1834 | D:2      | 1834 ||| UPGRADING to +0 pair of gloves.
  1839 | D:2      | 1839 ||| UPGRADING to +0 ring mail.
  1849 | D:2      | 1849 ||| DROPPING +0 leather armour.
  1850 | D:2      | 1850 ||| READING scroll labelled MAOSTITWUN.
  1883 | D:3      | 1883 ||| STAIRDANCE
  1886 | D:2      | HP: 8/36 [poisoned by an orc]
  1887 | D:2      | 1887 ||| READING scroll of teleportation.
  1887 | D:2      | HP: 2/36 [poisoned by an orc]
  1887 | D:2      | Killed from afar by an orc priest

Levels and vault maps discovered:
D:1:      erik_arrival_blinker_ship, layout_basic,
          shapermc_ecumenical_altar_flowoftime
D:2:      layout_basic
D:3:      layout_loops_ring, grunt_decor_arrowhead, nrook_loot_triangle

Skill      XL: |  1  2  3  4 |
---------------+-------------+-----
Ranged Weapons | 3 4 5 |  5.0
Fighting       | 2 |  2.1
Dodging        | |  2.1
Spellcasting   | |  1.0
Hexes          | |  2.0

Action                     |  1- 3 |  4- 6 || total
---------------------------+-------+-------++-------
   Fire: Sling             |   112 |    37 ||   149
    Use: Scroll            |     4 |     2 ||     6
 Armour: Robe              |     6 |       ||     6
         Leather armour    |     9 |     1 ||    10
         Ring mail         |       |     6 ||     6
  Dodge: Dodged            |    43 |    21 ||    64

Table legend:
 A = Non-vault XP
 B = Vault XP
 C = Vault XP percentage of total XP
 D = Non-vault monster count
 E = Vault monster count
 F = Vault count percentage of total count
                 A         B        C        D         E       F
            +---------+---------+-------+---------+---------+-------
      Total |     147 |       0 |   0.0 |      50 |       0 |   0.0
            +---------+---------+-------+---------+---------+-------
        D:1 |      28 |       0 |   0.0 |      17 |       0 |   0.0
        D:2 |     119 |       0 |   0.0 |      33 |       0 |   0.0
            +---------+---------+-------+---------+---------+-------
